 Dungeon Crawl Stone Soup version 0.23.2-30-g0e89c35649 (webtiles) character file.

Game seed: 816622449495991639

692 HASTUR3 the Conjurer (level 7, -2/36 HPs)
             Began as a Deep Elf Wizard on June 19, 2019.
             Was an Initiate of Ashenzari.
             Slain by a centaur (5 damage)
             ... on level 5 of the Dungeon.
             The game lasted 00:25:11 (6131 turns).

HASTUR3 the Conjurer (Deep Elf Wizard)              Turns: 6131, Time: 00:25:12

Health: -2/36      AC:  4    Str:  6      XL:     7   Next: 36%
Magic:  13/15      EV: 11    Int: 23      God:    Ashenzari [......]
Gold:   279        SH:  0    Dex: 10 (13) Spells: 1/14 levels left

rFire    . . .     SeeInvis .   k - -1 short sword (curse)
rCold    . . .     Gourm    .   (no shield)
rNeg     . . .     Faith    .   n - +0 leather armour (curse)
rPois    .         Spirit   .   b - +0 hat (curse)
rElec    .         Reflect  .   (no cloak)
rCorr    .         Harm     .   e - +0 pair of gloves (curse)
MR       .....                  (no boots)
Stlth    ++........             (no amulet)
HPRegen  0.12/turn              (no ring)
MPRegen  0.14/turn              (no ring)

@: flying
A: horns 1, subdued magic 1
a: Curse Item, Renounce Religion


You were on level 5 of the Dungeon.
You worshipped Ashenzari.
Ashenzari was noncommittal.
You were not hungry.

You visited 2 branches of the dungeon, and saw 6 of its levels.

You collected 279 gold pieces.

Inventory:

Hand Weapons
 f - a +1 dagger of speed
 k - a cursed -1 short sword (weapon)
 t - a +0 blowgun
 v - a +0 dagger of draining
Missiles
 u - 26 poisoned needles
 y - 6 curare-tipped needles
Armour
 b - a cursed +0 hat (worn)
 e - a cursed +0 pair of gloves (worn)
 n - a cursed +0 leather armour (worn)
 s - a +0 robe
Wands
 o - a wand of enslavement (10)
Scrolls
 a - a scroll of fear {unknown}
 c - a scroll of fog {unknown}
 g - a scroll of random uselessness {unknown}
 h - 2 scrolls of identify {unknown}
 j - 2 scrolls of noise {unknown}
 l - 2 scrolls of teleportation
 m - a scroll of amnesia {unknown}
 p - 2 scrolls of immolation {unknown}
 q - a scroll of magic mapping {unknown}
 x - a scroll of enchant armour {unknown}
 z - a scroll of summoning {unknown}
 A - a scroll of remove curse
Comestibles
 d - 5 rations
 r - 4 chunks of flesh


   Skills:
 - Level 2.4 Dodging
 - Level 2.4 Stealth
 - Level 4.4 Spellcasting
 - Level 4.6 Conjurations
 - Level 3.1 Hexes
 - Level 3.0 Summonings
 - Level 4.0 Translocations
 - Level 3.5 Fire Magic
 + Level 1.5 Air Magic
 + Level 1.7 Poison Magic


You had one spell level left.
You knew the following spells:

 Your Spells              Type           Power        Failure   Level  Hunger
a - Magic Dart            Conj           ###.         1%          1    None
b - Blink                 Tloc           N/A          3%          2    None
c - Call Imp              Summ           ##......     5%          2    None
d - Slow                  Hex            ###.....     4%          2    None
e - Conjure Flame         Conj/Fire      ###.....     7%          3    ##.....
f - Mephitic Cloud        Conj/Pois/Air  ##......     13%         3    ##.....

Your spell library contained the following spells:

 Spells                   Type           Power        Failure   Level  Hunger


Dungeon Overview and Level Annotations

Branches:
Dungeon (5/15)             Temple (1/1) D:4

Altars:
Ashenzari
Cheibriados
Dithmenos
Elyvilon
Fedhas
Gozag
Hepliaklqana
Kikubaaqudgha
Makhleb
Nemelex Xobeh
Ru
Sif Muna
Trog
Uskayaw
Wu Jian
Yredelemnul
Zin
The Shining One

Annotations:
D:5 2 transporters, bangtinkow's ghost, novice VSEn


Innate Abilities, Weirdness & Mutations

You have a pair of small horns on your head.
Your spells are a little easier to cast, but a little less powerful.


Message History

* * * LOW HITPOINT WARNING * * *
The centaur barely misses you. What are your orders? t - Shout!
Orders for allies: a - Attack new target. r - Retreat! s - Stop attacking. g - Guard the area. f - Follow me.
Anything else - Cancel.
Gang up on whom?
Press: ? - help, Dir - move target cursor, f - centaur
Aim: a centaur Attack!
The centaur hits you.
* * * LOW HITPOINT WARNING * * *
Your crimson imp hits the centaur.
Casting: Call Imp (safe; 5% risk of failure)
Confirm with . or Enter, or press ? or * to list all spells.
Okay, then.
You feel very buoyant.
You fly up into the air.
The centaur hits you.
You die...

.#######################
.......@(.)........).)..
##.###c############.####
#5 #.# # #. ##.# ## ..
##.####' #. #.##..## #.#
#.#.#.## ..# ##.##.##
#.. ###.##.


You could see a centaur and a friendly crimson imp.

Vanquished Creatures
  A sky beast (D:5)
  An ogre (D:5)
  A jelly (D:5)
  2 hounds
  An orc priest (D:4)
  Natasha (twice) (D:2)
  4 adders
  An ooze (D:2)
  An adder zombie (D:5)
  A worm (D:3)
  4 dart slugs
  A leopard gecko (D:5)
  17 orcs
  A ball python (D:2)
  4 bats
  A bat zombie (D:5)
  5 giant cockroaches
  6 goblins
  11 hobgoblins
  4 jackals (D:1)
  3 quokkas
  7 frilled lizards
  A giant cockroach zombie (D:5)
  A goblin zombie (D:4)
  A hobgoblin zombie (D:4)
  14 kobolds
  A kobold skeleton (D:4)
  2 kobold zombies (D:4)
  An orc skeleton (D:4)
  6 rats
  5 rat zombies (D:5)
111 creatures vanquished.

Vanquished Creatures (collateral kills)
  An ice beast (D:5)
  An ogre (D:4)
  A scorpion (D:5)
  2 crimson imps
  A centaur skeleton (D:4)
  2 orc priests
  An iguana (D:4)
  Natasha (D:2)
  2 adders
  A worm (D:4)
  An orc (D:5)
  A frilled lizard (D:4)
  A kobold (D:3)
16 creatures vanquished.

Grand Total: 127 creatures vanquished

Notes
Turn   | Place    | Note
-------+----------+-------------------------------------------
     0 | D:1      | HASTUR3 the Deep Elf Wizard began the quest for the Orb.
     0 | D:1      | Reached XP level 1. HP: 10/10 MP: 7/7
   231 | D:1      | Reached XP level 2. HP: 11/15 MP: 0/9
   271 | D:1      | Gained mutation: Your spells are a little easier to cast,
                  | but a little less powerful. [potion of mutation]
   271 | D:1      | Gained mutation: You have a pair of small horns on your
                  | head. [potion of mutation]
   602 | D:1      | Learned a level 2 spell: Blink
   605 | D:1      | Learned a level 2 spell: Call Imp
   608 | D:1      | Learned a level 2 spell: Slow
   947 | D:1      | Reached XP level 3. HP: 19/19 MP: 4/10
  1146 | D:2      | Reached skill level 1 in Hexes
  1692 | D:2      | Found a glowing silver altar of Zin.
  1703 | D:2      | Noticed Natasha
  1726 | D:2      | Killed Natasha
  1726 | D:2      | Reached XP level 4. HP: 22/24 MP: 7/12
  1857 | D:2      | Noticed Natasha
  1869 | D:2      | Killed Natasha
  2015 | D:2      | Noticed Natasha
  2027 | D:2      | Killed Natasha
  2481 | D:3      | Found a blossoming altar of Fedhas.
  2721 | D:3      | Reached XP level 5. HP: 28/28 MP: 10/13
  3125 | D:4      | Found a staircase to the Ecumenical Temple.
  3136 | Temple   | Entered the Ecumenical Temple
  3207 | Temple   | Became a worshipper of Ashenzari the Shackled
  3684 | D:4      | Learned a level 3 spell: Conjure Flame
  4148 | D:4      | Reached XP level 6. HP: 32/32 MP: 6/14
  4299 | D:4      | Found a glowing golden altar of the Shining One.
  4874 | D:5      | Entered Level 5 of the Dungeon
  4882 | D:5      | Noticed bangtinkow's ghost (novice VSEn)
  4883 | D:5      | Found a transporter.
  4936 | D:5      | Found a transporter.
  5059 | D:5      | Learned a level 3 spell: Mephitic Cloud
  5241 | D:5      | Reached skill level 1 in Fire Magic
  5421 | D:5      | Noticed an ice beast
  5451 | D:5      | Killed an ice beast
  5513 | D:5      | Reached XP level 7. HP: 36/36 MP: 2/15
  5606 | D:5      | Found a shattered altar of Ashenzari.
  5824 | D:5      | Found a hazy altar of Hepliaklqana.
  5930 | D:5      | Found an ancient bone altar of Kikubaaqudgha.
  5985 | D:5      | Reached skill level 1 in Air Magic
  5985 | D:5      | Reached skill level 1 in Poison Magic
  6131 | D:5      | Slain by a centaur

Skill      XL: |  1  2  3  4  5  6  7 |
---------------+----------------------+-----
Conjurations   | 2 3 4 |  4.6
Hexes          | 1 2 3 |  3.1
Summonings     | 2 3 |  3.0
Translocations | 2 3 4 |  4.0
Fire Magic     | 2 3 |  3.5
Air Magic      | 1 |  1.5
Poison Magic   | 1 |  1.7
Dodging        | |  2.4
Stealth        | |  2.4
Spellcasting   | |  4.4

Action                   |  1- 3 |  4- 6 |  7- 9 || total
-------------------------+-------+-------+-------++-------
Melee: Dagger            |    29 |    31 |       ||    60
       Headbutt          |     2 |     6 |     1 ||     9
       Short sword       |       |    18 |     5 ||    23
 Fire: Blowgun           |       |    21 |       ||    21
 Cast: Magic Dart        |   102 |   165 |    38 ||   305
       Blink             |     1 |    16 |     3 ||    20
       Call Imp          |     3 |    28 |    10 ||    41
       Slow              |     1 |       |       ||     1
Invok: Curse Item        |       |     1 |       ||     1
  Use: Potion            |     1 |     7 |     3 ||    11
       Scroll            |       |       |     2 ||     2
 Stab: Sleeping          |     2 |     1 |     1 ||     4
       Distracted        |       |     2 |       ||     2
  Eat: Chunk             |     2 |     9 |     1 ||    12
       Ration            |       |     1 |       ||     1
Armor: Robe              |     6 |    10 |       ||    16
       Leather armour    |       |     9 |     5 ||    14
Dodge: Dodged            |    49 |    48 |    12 ||   109
